 Dungeon Crawl Stone Soup version 0.31.0-9-g3a7656b989 (webtiles) character file.

Game seed: 8995194648363658077

63 qw the Shooter (level 3, 0/20 HPs)
             Began as a Deep Elf Hunter on Feb 2, 2024.
             Succumbed to an adder's poison
             ... on level 2 of the Dungeon.
             The game lasted 00:00:03 (734 turns).

qw the Shooter (Deep Elf Hunter)                     Turns: 734, Time: 00:00:03

Health: 0/20       AC:  3    Str: 10    XL:     3   Next: 87%
Magic:  5/5        EV: 12    Int: 13    God:
Gold:   22         SH:  0    Dex: 18    Spells: 2/2 levels left

rFire   . . .        a - +0 shortbow
rCold   . . .        (shield currently unavailable)
rNeg    . . .        c - +0 leather armour
rPois   .            (no helmet)
rElec   .            (no cloak)
rCorr   .            (no gloves)
SInv    .            (no boots)
Will    .....        (no amulet)
Stlth   ++           (no ring)
HPRegen 0.23/turn    (no ring)
MPRegen 0.09/turn

%: no passive effects
@: lethally poisoned (0 -> -1)
A: no striking features
a: no special abilities


You were on level 2 of the Dungeon.
You visited 1 branch of the dungeon, and saw 2 of its levels.

You collected 22 gold pieces.


   Skills:
 - Level 1.5 Fighting
 + Level 7.3 Ranged Weapons
 - Level 2.4 Dodging
 - Level 1.2 Stealth


You had 2 spell levels left.
You didn't know any spells.
Your spell library was empty.

Inventory:

Hand Weapons
 a - a +0 shortbow (weapon)
Armour
 b - a +0 scale mail
 c - a +0 leather armour (worn)
Potions
 d - a potion of heal wounds {unknown}
 e - a potion of haste
 f - a potion of curing

Dungeon Overview and Level Annotations

Branches:
Dungeon (2/15)

Altars:


Message History

A goblin comes into view. It is wielding a +0 dagger.
You shoot an arrow. The rat squeaks loudly.
The arrow hits the adder.
The adder is heavily wounded.
You hear a shout!
A gnoll comes into view. It is wielding a +0 spear.
You shoot an arrow.
The arrow hits the adder but does no damage.
The adder is heavily wounded.
You shoot an arrow. The arrow hits the adder.
The adder is almost dead.
The adder bites you.
You are poisoned.
The adder poisons you!
You shoot an arrow. The arrow closely misses the adder.
You feel sick. The adder bites you.
A gnoll comes into view. It is wielding a +0 whip.
You shoot an arrow. The gnoll shouts!
The arrow hits the adder.
You kill the adder!
You feel sick.
You shoot an arrow. The arrow barely misses the rat.
You feel sick. The rat bites you.
An endoplasm comes into view.
The goblin misses you.
You shoot an arrow. The arrow hits the rat!
You kill the rat!
You feel sick.
A gnoll comes into view. It is wielding a +0 halberd.
The goblin hits you with a +0 dagger.
You shoot an arrow. The arrow hits the gnoll.
The gnoll is heavily wounded.
You feel sick. The gnoll hits you with a +0 spear!
A gnoll comes into view. It is wielding a +0 spear.
The goblin barely misses you.
You shoot an arrow. The arrow hits the gnoll.
You kill the gnoll!
You die...

.#.....#(..#..#
....#%...~....##
.#.%...#...#...
...~!~........
~.......~.~.## #
..#...#......## .#
....~.%g.#...<##.###
..#.g.#@...#.......[
~gJ.#.$.~........# g
##....##..####
#........#
########.## #. #...#
#. #...# #. #...#
.#. #.##
#####...#.%.#


You could see 3 gnolls, an endoplasm and a goblin.

Vanquished Creatures
  2 adders (D:2)
  A gnoll (D:2)
  2 dart slugs (D:1)
  5 ball pythons
  3 endoplasms (D:1)
  4 giant cockroaches
  3 goblins (D:1)
  A hobgoblin (D:2)
  5 jackals (D:1)
  2 kobolds (D:1)
  3 quokkas (D:1)
  2 bats
  5 rats
38 creatures vanquished.

Notes
Turn   | Place    | Note
-------+----------+-------------------------------------------
     0 | D:1      | qw the Deep Elf Hunter began the quest for the Orb.
     0 | D:1      | Reached XP level 1. HP: 12/12 MP: 3/3
     0 | D:1      | 0 ||| qw: Version: 0.3-a-155-g5e7d8dd
     0 | D:1      | 0 ||| qw: Game counter: 1013
     0 | D:1      | 0 ||| qw: Melee chars always use a shield: true
     0 | D:1      | 0 ||| qw: God list: Okawaru
     0 | D:1      | 0 ||| qw: Allow faded altars: false
     0 | D:1      | 0 ||| qw: Do Orc after clearing Dungeon:15 true
     0 | D:1      | 0 ||| qw: Do second Lair branch before Depths: true
     0 | D:1      | 0 ||| qw: Lair rune preference: random
     0 | D:1      | 0 ||| qw: Goals: Normal
     0 | D:1      | 0 ||| PLANNING D:1-11
   134 | D:1      | Reached skill level 6 in Ranged Weapons
   134 | D:1      | Reached XP level 2. HP: 16/16 MP: 4/4
   297 | D:1      | Reached XP level 3. HP: 20/20 MP: 5/5
   605 | D:1      | 605 ||| READING 2 scrolls labelled SACWEGR XYSE.
   605 | D:1      | 605 ||| IDENTIFYING orange potion
   606 | D:1      | 606 ||| READING scroll of identify.
   606 | D:1      | 606 ||| IDENTIFYING clear potion
   607 | D:1      | 607 ||| READING scroll labelled BECRIA DYNTU.
   608 | D:1      | 608 ||| DROPPING scroll of butterflies.
   637 | D:2      | Reached skill level 7 in Ranged Weapons
   733 | D:2      | HP: 1/20 [gnoll/+0 spear (8)]
   734 | D:2      | Succumbed to an adder's poison

Levels and vault maps discovered:
D:1:      lemuel_arrival_broad_hall, layout_basic
D:2:      layout_loops_cross, nicolae_kite_square_tiling_tiny,
          minmay_heptomino_w4

Skill      XL: |  1  2  3 |
---------------+----------+-----
Ranged Weapons | 6 7 |  7.3
Fighting       | |  1.5
Dodging        | |  2.4
Stealth        | |  1.2

Action                     || total
---------------------------++-------
   Fire: Shortbow          ||    99
    Use: Scroll            ||     3
 Armour: Leather armour    ||    24
  Dodge: Dodged            ||    27

Table legend:
 A = Non-vault XP
 B = Vault XP
 C = Vault XP percentage of total XP
 D = Non-vault monster count
 E = Vault monster count
 F = Vault count percentage of total count
                 A         B        C        D         E       F
            +---------+---------+-------+---------+---------+-------
      Total |     103 |       0 |   0.0 |      38 |       0 |   0.0
            +---------+---------+-------+---------+---------+-------
        D:1 |      52 |       0 |   0.0 |      28 |       0 |   0.0
        D:2 |      51 |       0 |   0.0 |      10 |       0 |   0.0
            +---------+---------+-------+---------+---------+-------
